 Dungeon Crawl Stone Soup version 0.30-a0-137-gd8773701ce (webtiles) character file.

Game seed: 15789005670853418141

657 LnG the Caller (level 7, -19/38 HPs)
             Began as a Kobold Summoner on Sept 22, 2022.
             Killed by an exploding themself (44 damage)
             ... ignited by their inner flame
             ... on level 6 of the Dungeon.
             The game lasted 00:21:26 (4911 turns).

LnG the Caller (Kobold Summoner)                    Turns: 4911, Time: 00:21:27

Health: -19/38     AC:  5    Str:  6    XL:     7   Next: 85%
Magic:  1/13       EV: 15    Int: 18    God:
Gold:   28         SH:  0    Dex: 15    Spells: 6/15 levels left

rFire   . . .      SeeInvis .    m - +1 dagger (holy)
rCold   . . .      Faith    .    (no shield)
rNeg    . . .      Spirit   .    a - +0 robe
rPois   .          Reflect  .    p - +1 hat
rElec   +          Harm     .    n - +0 cloak
rCorr   .          Rampage  .    (no gloves)
Will    .....                    j - +0 pair of boots
Stlth   ++++......               (no amulet)
HPRegen 0.12/turn                (no ring)
MPRegen 0.13/turn                (no ring)

@: no status effects
A: small, no large weapons, nightstalker 3, fangs 1, electricity resistance
a: no special abilities


You were on level 6 of the Dungeon.
You visited 1 branch of the dungeon, and saw 5 of its levels.
You also visited: Sewer.

You collected 231 gold pieces.
You spent 203 gold pieces at shops.

Inventory:

Hand Weapons
 m - a +1 dagger of holy wrath (weapon)
Armour
 a - a +0 robe (worn)
 j - a +0 pair of boots (worn)
 n - a +0 cloak (worn)
 p - a +1 hat (worn)
Jewellery
 v - an amulet of guardian spirit
Wands
 d - a wand of flame (14)
Scrolls
 g - 2 scrolls of poison
 h - a scroll of vulnerability
 i - 3 scrolls of noise
 k - 3 scrolls of fear
 l - 2 scrolls of teleportation
 q - a scroll of blinking
Potions
 b - 2 potions of magic
 c - a potion of heal wounds
 e - 2 potions of might
 f - 3 potions of haste
 o - a potion of mutation
 r - a potion of cancellation
 t - a potion of brilliance
 u - 4 potions of curing
 w - 2 potions of flight {unknown}


   Skills:
 + Level 1.1 Fighting
 + Level 2.8 Short Blades
 + Level 3.2 Dodging
 + Level 5.8 Stealth
 + Level 4.6 Spellcasting
 + Level 0.6 Hexes
 + Level 6.1 Summonings


You had 6 spell levels left.
You knew the following spells:

 Your Spells              Type           Power      Damage    Failure   Level
a - Summon Small Mammal   Summ           100%       N/A       1%          1
b - Call Imp              Summ           26%        N/A       1%          2
c - Call Canine Familiar  Summ           26%        N/A       3%          3
d - Summon Guardian Gole  Hex/Summ       16%        N/A       11%         3

Your spell library contained the following spells:

 Spells                   Type           Power      Damage    Failure   Level
 Foxfire                  Conj/Fire      16%        2x1d4     14%         1
 Scorch                   Fire           8%         2d5       22%         2
 Inner Flame              Hex/Fire       5%         N/A       36%         3
 Summon Lightning Spire   Summ/Air       15%        N/A       36%         4
 Kindle Blastsparks       Fire/Tloc/Air  8%         2d10      38%         3
 Animate Dead             Necr           4%         N/A       80%         4
 Flame Wave               Conj/Fire      4%         2d5       80%         4
 Summon Cactus Giant      Summ           13%        N/A       86%         6
 Borgnjor's Vile Clutch   Necr/Erth      2%         N/A       98%         5
 Death Channel            Necr           2%         N/A       100%        6


Dungeon Overview and Level Annotations

Branches:
Dungeon (6/15)              Sewer (visited)
 Temple: D:4-7

Altars:
Ashenzari

Shops:
D:3 (([


Innate Abilities, Weirdness & Mutations

You are small and have problems with some larger weapons.
You are completely attuned to the shadows.
You have very sharp teeth.
You are resistant to electric shocks. (rElec)


Message History

Your guardian golem overheats!
The ice beast closely misses your white imp.
Your white imp hits the ice beast but does no damage.
An orc wizard comes into view. It is wielding a +0 dagger.
The ice beast misses your white imp.
Your white imp hits the ice beast.
Your white imp freezes the ice beast.
The ice beast completely resists.
Your hound bites the orc!
The orc dies!
The ice beast hits your white imp. The ice beast freezes your white imp.
Your white imp resists.
Flame seeps out of your guardian golem.
Your white imp hits the ice beast.
Your white imp freezes the ice beast.
The ice beast completely resists.
Unknown command.
Your guardian golem is engulfed in blazing flames.
Flame seeps out of your guardian golem.
The ice beast barely misses your white imp.
Your white imp misses the ice beast.
Unknown command.
Your hound barely misses the ice beast.
Your guardian golem is engulfed in blazing flames.
Flame seeps out of your guardian golem. The ice beast hits your white imp.
The ice beast freezes your white imp.
Your white imp resists.
Flame seeps out of your guardian golem.
Your hound closely misses the ice beast.
Your white imp hits the ice beast.
The ice beast dies!
Your Summonings skill increases to level 6!
The orc priest closely misses your hound.
Your hound bites the orc priest.
The orc priest hits your hound with a +0 short sword.
Flame seeps out of your guardian golem.
Your hound bites the orc priest but does no damage.
Unknown command.
Your guardian golem is engulfed in blazing flames.
Your guardian golem disappears in a puff of smoke!
Your guardian golem explodes!
The fiery explosion engulfs you!!!
Ouch! That really hurt!
You die...

#.####........#.#
#########.....$.......#.#
## #..........#..
...##.#.# .# #..........#
......# #.# '###
#...[..[...# .....# #.#
)..# #.......).5# ......+
#.# ...#
#........§.#o......####.#
...#
#........§○ho)..........#
#..#
#........@§##############
##.# #..........# #.#
#..........# ##~##
#..........#
#~~~####..........#
#~~~#.#####..(.# ##~##..#
#†((.# ~#~###.####....#
~#~# #.[.##....#


You could see an orc priest (ally target), an orc wizard, a friendly hound
(summoned, sheltered) and a friendly white imp (summoned, sheltered).

Vanquished Creatures
  An iguana (D:6)
  3 river rats (Sewer)
  2 dart slugs (D:3)
  2 orcs
  3 ball pythons
  A bat (D:2)
  2 endoplasms
  2 giant cockroaches (D:2)
  A hobgoblin (D:4)
  6 kobolds
  2 frilled lizards (D:2)
  2 goblins (D:1)
  4 rats
31 creatures vanquished.

Vanquished Creatures (collateral kills)
  Sigmund (D:6)
  Menkaure (D:6)
  An ice beast (D:6)
  7 adders
  A river rat (Sewer)
  4 worms
  A dart slug (D:2)
  6 orcs
  4 endoplasms
  3 giant cockroaches
  3 goblins
  A quokka (D:6)
  6 ball pythons
  A frilled lizard (D:1)
  6 kobolds
  6 rats
52 creatures vanquished.

Vanquished Creatures (others)
  A kobold brigand (Sewer)
  2 kobolds (Sewer)
  A plant (D:1)
4 creatures vanquished.

Grand Total: 87 creatures vanquished

Notes
Turn   | Place    | Note
-------+----------+-------------------------------------------
     0 | D:1      | LnG the Kobold Summoner began the quest for the Orb.
     0 | D:1      | Reached XP level 1. HP: 10/10 MP: 3/3
   468 | D:1      | Reached XP level 2. HP: 15/15 MP: 3/5
   471 | D:1      | Learned a level 2 spell: Call Imp
  1112 | D:2      | Reached XP level 3. HP: 18/19 MP: 4/6
  1116 | D:2      | Learned a level 3 spell: Call Canine Familiar
  1552 | D:2      | Found a faded altar of an unknown god.
  1844 | D:2      | Reached XP level 4. HP: 17/24 MP: 3/7
  2451 | D:3      | Found a broken altar of Ashenzari.
  2620 | D:3      | Found Bicsumua's Antique Armour Boutique.
  2917 | D:3      | Found Bubekkih's Antique Weapon Boutique.
  2958 | D:3      | Found Ydatecaco's Weapon Shoppe.
  3155 | D:3      | Bought a runed hat for 203 gold pieces
  3351 | D:4      | You fall into a shaft and drop 2 floors!
  3379 | D:6      | Learned a level 3 spell: Summon Guardian Golem
  3465 | D:6      | Noticed Sigmund
  3506 | D:6      | Noticed an ice beast
  3515 | D:6      | Gained mutation: You have very sharp teeth. [potion of
                  | mutation]
  3515 | D:6      | Gained mutation: You are resistant to electric shocks.
                  | (rElec) [potion of mutation]
  3526 | D:6      | Reached XP level 5. HP: 11/28 MP: 3/9
  3530 | D:6      | Reached skill level 1 in Short Blades
  3530 | D:6      | Reached skill level 5 in Summonings
  3767 | D:6      | Noticed Menkaure
  3777 | D:6      | Killed Menkaure
  3778 | D:6      | Reached skill level 5 in Stealth
  3778 | D:6      | Reached XP level 6. HP: 33/33 MP: 7/11
  3823 | D:6      | Found a glowing drain.
  3830 | Sewer    | Entered a sewer
  4266 | Sewer    | Reached skill level 1 in Fighting
  4266 | Sewer    | Reached XP level 7. HP: 38/38 MP: 7/13
  4564 | D:6      | Killed Sigmund
  4909 | D:6      | Reached skill level 6 in Summonings
  4911 | D:6      | Killed by an exploding themself... ignited by their inner
                  | flame

Illustrated notes

Levels and vault maps discovered:
D:1:      eino_arrival_druids_welcome, layout_rooms
D:2:      layout_basic, hellmonk_ecumenical_altar_zigzags
D:3:      layout_loops_ring, cheibrodos_ashenzari_chains, serial_shops, shop,
          nicolae_shop_temple_entry_statues_fountains, nicolae_shop_hallway_plus
D:4:      layout_basic, lemuel_crystal_altar, nicolae_wu_jian_wuxing_cycle,
          minmay_temple_entry_enclosed_plants, serial_shops,
          nicolae_shop_statue_plus, minmay_crystal_room, uniq_crazy_yiuf_cottage
D:6:      layout_basic, gup_sewer_entry_bubbles, serial_shops, shop,
          uniq_menkaure, uniq_duvessa, uniq_sigmund

Skill      XL: |  1  2  3  4  5  6  7 |
---------------+----------------------+-----
Stealth        | 3 4 5 |  5.8
Spellcasting   | 3 4 |  4.6
Short Blades   | 1 2 |  2.8
Summonings     | 5 6 |  6.1
Fighting       | 1 |  1.1
Dodging        | 3 |  3.2
Hexes          | |  0.6

Action                   |  1- 3 |  4- 6 |  7- 9 || total
-------------------------+-------+-------+-------++-------
Melee: Unarmed           |     3 |       |       ||     3
       Dagger            |    37 |    65 |     9 ||   111
       Punch             |     1 |       |       ||     1
       Bite              |       |     5 |       ||     5
 Cast: Summon Small Mamm |    22 |     1 |     1 ||    24
       Call Imp          |     8 |     2 |     3 ||    13
       Call Canine Famil |     4 |    16 |     4 ||    24
       Summon Guardian G |       |     5 |     2 ||     7
  Use: Scroll            |       |     7 |     3 ||    10
       Potion            |       |     5 |       ||     5
 Stab: Sleeping          |     6 |     6 |     5 ||    17
       Distracted        |       |     1 |       ||     1
Armor: Robe              |     4 |    13 |     2 ||    19
Dodge: Dodged            |    28 |    51 |     2 ||    81

Table legend: (Time is in decaauts)
 A = Elapsed time spent in this place.
 B = Non-inter-level travel time spent in this place.
 C = Inter-level travel time spent in this place.
 D = Time resting spent in this place.
 E = Time spent auto-exploring this place.
 F = Levels seen in this place.
 G = Mean time per level.
                   A        B        C        D        E       F      G
               +--------+--------+--------+--------+--------+-----+--------+
         Total |   5016 |   4800 |    216 |   1076 |   2304 |   6 |  836.0 |
       Dungeon |   4281 |   4065 |    216 |    866 |   2086 |   5 |  856.2 |
         Sewer |    734 |    734 |      0 |    210 |    218 |   1 |  734.0 |
               +--------+--------+--------+--------+--------+-----+--------+

Top non-repeatable levels by time:
     D:2: 1242 daAuts
     D:3: 1075 daAuts
     D:1: 932 daAuts
     D:6: 931 daAuts
   Sewer: 734 daAuts
     D:4: 99 daAuts
